 Dungeon Crawl Stone Soup version 0.30-a0-12-gd8047c6341 (webtiles) character file.

Game seed: 13794329704263961286

1431 siradein the Ruffian (level 8, 0/67 HPs)
             Began as a White Draconian Transmuter on Aug 23, 2022.
             Slain by Pikel
             ... wielding a +2 whip of flaming
              (1 damage)
             ... on level 7 of the Dungeon.
             The game lasted 00:11:10 (6123 turns).

siradein the Ruffian (White Draconian Transmuter)   Turns: 6123, Time: 00:11:10

Health: 0/67       AC:  7    Str: 12    XL:     8   Next: 45%
Magic:  23/23      EV: 13    Int: 17    God:
Gold:   304        SH:  0    Dex: 11    Spells: 8/15 levels left

rFire   . . .      SeeInvis .      - Unarmed
rCold   + . .      Faith    .    (no shield)
rNeg    . . .      Spirit   .    (body armour unavailable)
rPois   .          Reflect  .    (helmet restricted)
rElec   .          Harm     .    v - +0 cloak
rCorr   .          Rampage  .    (no gloves)
Will    +....                    (no boots)
Stlth   +.........               (no amulet)
HPRegen 0.21/turn                B - ring of magical power
MPRegen 0.18/turn                h - ring of willpower

@: wereblooded (expiring)
A: breathe frost, AC +6, unfitting armour, cold resistance 1, cold-blooded
a: Breathe Frost


You were on level 7 of the Dungeon.
You visited 1 branch of the dungeon, and saw 7 of its levels.

You collected 304 gold pieces.

Inventory:

Missiles
 m - 5 silver javelins
Armour
 v - a +0 cloak (worn)
Jewellery
 d - a ring of protection from cold
 g - a ring of flight
 h - a ring of willpower (right hand)
 B - a ring of magical power (left hand)
Wands
 s - a wand of mindburst (15)
 t - a wand of roots (11)
Scrolls
 e - 2 scrolls of teleportation
 i - 2 scrolls of butterflies {unknown}
 n - a scroll of amnesia {unknown}
 o - a scroll of immolation {unknown}
 r - 3 scrolls of noise {unknown}
 x - 4 scrolls of enchant armour {unknown}
 y - a scroll of poison {unknown}
 A - 2 scrolls of enchant weapon {unknown}
Potions
 a - 2 potions of lignification
 b - a potion of flight {unknown}
 c - 5 potions of invisibility
 f - a potion of haste {unknown}
 j - 4 potions of curing
 k - 2 potions of attraction
 l - 2 potions of heal wounds
 p - 2 potions of brilliance
 q - 2 potions of cancellation
 u - a potion of might {unknown}
 w - a potion of magic {unknown}
 z - 2 potions of resistance {unknown}


   Skills:
 + Level 4.8 Fighting
 + Level 4.2 Dodging
 + Level 5.3 Unarmed Combat
 + Level 4.4 Spellcasting
 + Level 4.8 Transmutations
 + Level 3.7 Ice Magic


You had 8 spell levels left.
You knew the following spells:

 Your Spells              Type           Power      Damage    Failure   Level
a - Beastly Appendage     Tmut           40%        N/A       1%          1
b - Wereblood             Tmut           20%        N/A       3%          2
c - Ice Form              Ice/Tmut       18%        N/A       26%         4

Your spell library contained the following spells:

 Spells                   Type           Power      Damage    Failure   Level
 Slow                     Hex            12%        N/A       16%         1
 Spider Form              Tmut/Pois      12%        N/A       17%         3
 Confusing Touch          Hex            3%         N/A       41%         3
 Vampiric Draining        Necr           3%         2d6       41%         3


Dungeon Overview and Level Annotations

Branches:
Dungeon (7/15)             Temple (0/1) D:4

Altars:
Dithmenos
Hepliaklqana
Okawaru
Vehumet

Shops:
D:1 :

Annotations:
D:2 1 runed translucent door, Crazy Yiuf
D:7 Pikel


Innate Abilities, Weirdness & Mutations

You can breathe waves of freezing cold which knock back foes.
Your icy white scales are hard. (AC +6)
You cannot fit into any form of body armour.
Your flesh is cold resistant. (rC+)
You are cold-blooded and may be slowed by cold attacks.


Message History

Pikel is severely wounded.
Pikel hits you with a +2 whip of flaming.
Pikel burns you. The lemure hits you but does no damage.
You punch Pikel! You tail-slap Pikel, but do no damage.
Pikel is almost dead.
Pikel hits you with a +2 whip of flaming!
Pikel burns you. The lemure hits you!
* * * LOW HITPOINT WARNING * * *
You completely miss Pikel.
Pikel is almost dead.
Your primal bloodlust is almost over.
Pikel hits you with a +2 whip of flaming.
* * * LOW HITPOINT WARNING * * *
Pikel burns you.
* * * LOW HITPOINT WARNING * * *
The lemure hits you but does no damage.
You hit Pikel but do no damage.
Pikel is almost dead.
Pikel barely misses you. The lemure misses you.
You hit Pikel.
Pikel is almost dead.
Pikel hits you with a +2 whip of flaming.
* * * LOW HITPOINT WARNING * * *
Pikel burns you.
* * * LOW HITPOINT WARNING * * *
The lemure closely misses you.
You hit Pikel.
Pikel is almost dead.
Pikel says, "Hell isn't that bad."
Pikel hits you with a +2 whip of flaming.
* * * LOW HITPOINT WARNING * * *
Pikel burns you.
* * * LOW HITPOINT WARNING * * *
The lemure barely misses you.
You hit Pikel but do no damage.
Your tail-slap misses Pikel.
Pikel is almost dead.
Pikel hits you with a +2 whip of flaming.
* * * LOW HITPOINT WARNING * * *
Pikel burns you.
You die...

o.# ##o# ... ).# ..
..# ## .. #.. .# #
#.#. #.# .#
###.#.#.# #.#####.#
....#.#.####)o55@K.#
##..........)#####.#
#.............# .#
#........####.# .#
#........# .# $#
#........# .# .#
#........####.# .#
#............c. .#
...###..####.#<


You could see Pikel, 2 lemures and an orc.

Vanquished Creatures
  An ice beast (D:5)
  2 ogres (D:5)
  A centaur (D:7)
  2 phantoms
  4 scorpions
  3 wights (D:7)
  2 hounds
  A jelly (D:6)
  2 orc priests
  4 iguanas
  3 orc wizards
  8 adders
  A shadow imp (D:6)
  4 white imps
  An ufetubus (D:4)
  5 dart slugs
  18 orcs
  2 bats
  9 endoplasms
  5 giant cockroaches
  9 goblins
  4 hobgoblins
  3 jackals (D:1)
  4 quokkas
  8 ball pythons
  2 frilled lizards (D:1)
  12 kobolds
  3 rats
  A spectral goblin (D:5)
124 creatures vanquished.

Notes
Turn   | Place    | Note
-------+----------+-------------------------------------------
     0 | D:1      | siradein the Draconian Transmuter began the quest for the
                  | Orb.
     0 | D:1      | Reached XP level 1. HP: 16/16 MP: 3/3
    10 | D:1      | Noticed a centaur
    87 | D:1      | Reached XP level 2. HP: 11/23 MP: 3/5
   426 | D:1      | Found Lateadghe's Book Boutique.
   508 | D:1      | Reached XP level 3. HP: 20/29 MP: 6/6
   511 | D:1      | Learned a level 2 spell: Wereblood
   896 | D:2      | Found a faded altar of an unknown god.
  1255 | D:2      | Found a runed translucent door.
  1256 | D:2      | Noticed Crazy Yiuf
  1546 | D:3      | Reached XP level 4. HP: 30/36 MP: 5/7
  1610 | D:3      | Found an iron altar of Okawaru.
  1779 | D:3      | Found a radiant altar of Vehumet.
  1846 | D:3      | Learned a level 4 spell: Ice Form
  2145 | D:4      | Noticed a scorpion
  2219 | D:4      | Reached XP level 5. HP: 29/42 MP: 6/9
  2313 | D:4      | HP: 2/45 [poisoned by a scorpion]
  2634 | D:3      | HP: 2/45 [poisoned by an orc]
  2934 | D:4      | Reached skill level 4 in Unarmed Combat
  2934 | D:4      | Reached XP level 6. HP: 42/51 MP: 10/10
  3013 | D:4      | Found a staircase to the Ecumenical Temple.
  3789 | D:5      | Entered Level 5 of the Dungeon
  4010 | D:5      | Found a shadowy altar of Dithmenos.
  4189 | D:5      | Reached skill level 1 in Ice Magic
  4208 | D:5      | Found a hazy altar of Hepliaklqana.
  4265 | D:5      | Noticed an ice beast
  4287 | D:5      | Killed an ice beast
  4288 | D:5      | Your scales start taking on an icy white colour.
  4288 | D:5      | Reached XP level 7. HP: 43/57 MP: 10/12
  4288 | D:5      | Gained mutation: Your flesh is cold resistant. (rC+) [White
                  | Draconian growth]
  5012 | D:6      | Identified the +8 war axe of Taxation {venom, rF+ Dex+4}
  5528 | D:6      | Reached skill level 5 in Unarmed Combat
  5528 | D:6      | Reached XP level 8. HP: 62/67 MP: 12/14
  6107 | D:7      | Noticed Pikel
  6122 | D:7      | HP: 3/67 [Pikel/+2 whip of flaming (2)]
  6123 | D:7      | HP: 1/67 [Pikel/+2 whip of flaming (2)]
  6123 | D:7      | Slain by Pikel

Illustrated notes

Levels and vault maps discovered:
D:1:      evilmike_arrival_come_back, layout_basic, serial_shops, shop
D:2:      layout_rooms, basic_ecumenical_altar, uniq_crazy_yiuf_cottage
D:3:      layout_rooms, okawaru_trees_1, mainiacjoe_overflow_24_doors,
          minmay_quantized
D:4:      layout_basic, minmay_temple_entry_mist, abandoned_shop
D:5:      layout_rooms, nicolae_dithmenos_the_darkroom,
          nicolae_hepliaklqana_monster_ancestors, supply_closet_lemuel,
          minmay_increasing_density
D:6:      layout_cave_pods
D:7:      layout_loops_ring, lemuel_zombie_altar_kikubaaqudgha, uniq_pikel

Skill      XL: |  1  2  3  4  5  6  7  8 |
---------------+-------------------------+-----
Dodging        | 2 3 4 |  4.2
Fighting       | 2 3 4 |  4.8
Transmutations | 3 4 |  4.8
Spellcasting   | 3 4 |  4.4
Unarmed Combat | 4 5 |  5.3
Ice Magic      | 1 3 |  3.7

Action                   |  1- 3 |  4- 6 |  7- 9 || total
-------------------------+-------+-------+-------++-------
Melee: Unarmed           |    89 |   169 |   151 ||   409
       Kick              |    18 |    48 |    41 ||   107
       Headbutt          |    10 |    27 |    27 ||    64
       Tailslap          |    10 |    23 |    25 ||    58
       Punch             |     1 |     4 |     6 ||    11
 Cast: Beastly Appendage |    24 |    33 |    14 ||    71
       Wereblood         |       |     5 |     6 ||    11
 Abil: Breathe Frost     |       |       |     6 ||     6
  Use: Potion            |       |     1 |       ||     1
       Scroll            |       |     5 |     2 ||     7
Armor: Skin              |    29 |    44 |    48 ||   121
Dodge: Dodged            |    50 |    95 |    77 ||   222

Table legend: (Time is in decaauts)
 A = Elapsed time spent in this place.
 B = Non-inter-level travel time spent in this place.
 C = Inter-level travel time spent in this place.
 D = Time resting spent in this place.
 E = Time spent auto-exploring this place.
 F = Levels seen in this place.
 G = Mean time per level.
                   A        B        C        D        E       F      G
               +--------+--------+--------+--------+--------+-----+--------+
         Total |   6089 |   5927 |    162 |    413 |   4580 |   7 |  869.9 |
       Dungeon |   6089 |   5927 |    162 |    413 |   4580 |   7 |  869.9 |
               +--------+--------+--------+--------+--------+-----+--------+

Top non-repeatable levels by time:
     D:4: 1564 daAuts
     D:5: 1036 daAuts
     D:6: 919 daAuts
     D:3: 912 daAuts
     D:1: 888 daAuts
     D:2: 567 daAuts
     D:7: 200 daAuts
